[Event "11th LCC Super Blitz KO 2019"]
[Site "London"]
[Date "2019.12.08"]
[Round "1.1"]
[White "Pert, Nicholas"]
[Black "Beinoras, Mindaugas"]
[Result "0-1"]
[ECO "D20"]
[WhiteElo "2560"]
[BlackElo "2350"]
[Annotator "ChessBase"]
[PlyCount "124"]
[EventDate "2019.12.08"]
[EventType "k.o."]
[EventCountry "ENG"]
[SourceTitle "playchess.com"]
[Source "ChessBase"]
[SourceQuality "1"]
[TimeControl "180+2"]

1. d4 d5 2. c4 dxc4 3. e3 Be6 4. Ne2 Nf6 5. Nf4 Bf5 6. Bxc4 e6 7. Nc3 Nbd7 8. Qe2 a6 9. e4 Bg6 10. e5 Ng8 11. d5 Nb6 12. dxe6 Nxc4 13. Qxc4 c6 14. O-O Qe7 15. exf7+ Qxf7 16. e6 Qf5 17. Be3 Bd6 18. Rad1 O-O-O 19. Bb6 Bc7 20. Rxd8+ Bxd8 21. Bxd8 Kxd8 22. Qd4+ Kc8 23. Qxg7 Qf6 24. Qd7+ Kb8 25. Qd6+ Ka8 26. Rd1 Ne7 27. Nxg6 Nxg6 28. h3 Re8 29. Re1 Qg5 30. Ne4 Qf5 31. Nc5 Nf4 32. Re3 Rg8 33. Rg3 Ne2+ 34. Kh2 Nxg3 35. fxg3 Qg5 36. Qc7 Qxc5 37. e7 Qd5 38. Qf4 Re8 39. Qh6 Qd7 40. Qxh7 Qxe7 41. Qg6 Qe6 42. Qg5 Qe5 43. Qd2 c5 44. h4 Rg8 45. Qd3 Rg4 46. Kh3 Qe6 47. Kh2 c4 48. Qf3 Re4 49. h5 Rg4 50. Qf8+ Ka7 51. Qc5+ Kb8 52. Qf8+ Kc7 53. Qc5+ Kd7 54. Qb4 Qd5 55. h6 Re4 56. Qc3 Qh5+ 57. Kg1 Qxh6 58. Qb4 Qe3+ 59. Kh2 Qh6+ 60. Kg1 Qc6 61. Qd2+ Kc7 62. Qf2 Qb6 0-1

[Event "11th LCC Super Blitz KO 2019"]
[Site "London"]
[Date "2019.12.08"]
[Round "1.2"]
[White "McShane, Luke J"]
[Black "Clarke, Brandon G I"]
[Result "1/2-1/2"]
[ECO "B25"]
[WhiteElo "2677"]
[BlackElo "2437"]
[Annotator "ChessBase"]
[PlyCount "93"]
[EventDate "2019.12.08"]
[EventType "k.o."]
[EventCountry "ENG"]
[SourceTitle "playchess.com"]
[Source "ChessBase"]
[SourceQuality "1"]
[TimeControl "180+2"]

1. e4 c5 2. Nc3 Nc6 3. g3 g6 4. Bg2 Bg7 5. d3 d6 6. Be3 e5 7. Nh3 Nge7 8. f4 Nd4 9. O-O O-O 10. Qd2 Bg4 11. Nd1 Qd7 12. Ndf2 Bf3 13. c3 Bxg2 14. Kxg2 Ne6 15. fxe5 dxe5 16. Ng5 Nxg5 17. Bxg5 Nc6 18. Qe2 f6 19. Be3 b6 20. g4 Rad8 21. Rad1 Qe6 22. a3 Rf7 23. h3 a5 24. Rde1 Rfd7 25. Bc1 a4 26. Be3 Na5 27. Rd1 Nb3 28. Rg1 Rd6 29. Kh1 Qd7 30. Rdf1 b5 31. Rg3 Qc6 32. Rf3 c4 33. dxc4 Qxc4 34. Qxc4+ bxc4 35. Kg2 Nd2 36. Bxd2 Rxd2 37. Kg3 Rxb2 38. Nd1 Rb3 39. Ne3 Rxc3 40. Nd5 Rxf3+ 41. Kxf3 Rb8 42. Rc1 Rb3+ 43. Kg2 Rxa3 44. Rxc4 h5 45. gxh5 gxh5 46. Rc7 Kf8 47. Ra7 1/2-1/2

[Event "11th LCC Super Blitz KO 2019"]
[Site "London"]
[Date "2019.12.08"]
[Round "1.2"]
[White "Howell, David W L"]
[Black "Willow, Jonah B"]
[Result "1-0"]
[ECO "B27"]
[WhiteElo "2676"]
[BlackElo "2355"]
[Annotator "ChessBase"]
[PlyCount "47"]
[EventDate "2019.12.08"]
[EventType "k.o."]
[EventCountry "ENG"]
[SourceTitle "playchess.com"]
[Source "ChessBase"]
[SourceQuality "1"]
[TimeControl "180+2"]

1. Nf3 c5 2. c3 g6 3. e4 Nf6 4. e5 Nd5 5. d4 cxd4 6. Qxd4 Nc7 7. Qh4 Nc6 8. Na3 Ne6 9. Bh6 Qc7 10. Bxf8 Nxf8 11. Nb5 Qb8 12. Qe4 Ne6 13. Be2 O-O 14. h4 f5 15. Qe3 a6 16. Nbd4 d6 17. Nxe6 Bxe6 18. Qh6 Nxe5 19. Ng5 Rf7 20. Nxe6 f4 21. Nxf4 Qc8 22. h5 Qf5 23. hxg6 Nxg6 24. Nxg6 1-0

[Event "11th LCC Super Blitz KO 2019"]
[Site "London"]
[Date "2019.12.08"]
[Round "1.2"]
[White "Moussard, Jules"]
[Black "Hebden, Mark L"]
[Result "1-0"]
[ECO "C89"]
[WhiteElo "2598"]
[BlackElo "2433"]
[Annotator "ChessBase"]
[PlyCount "101"]
[EventDate "2019.12.08"]
[EventType "k.o."]
[EventCountry "ENG"]
[SourceTitle "playchess.com"]
[Source "ChessBase"]
[SourceQuality "1"]
[TimeControl "180+2"]

1. e4 e5 2. Nf3 Nc6 3. Bb5 a6 4. Ba4 Nf6 5. O-O Be7 6. Re1 b5 7. Bb3 O-O 8. a4 Bb7 9. c3 d5 10. axb5 axb5 11. Rxa8 Bxa8 12. exd5 Nxd5 13. d4 exd4 14. cxd4 Na5 15. Bxd5 Bxd5 16. Nc3 Bb4 17. Ne5 f6 18. Nd3 Bxc3 19. bxc3 Nc4 20. Bf4 c6 21. h3 Qd7 22. Nc5 Qf5 23. Qg4 Qxg4 24. hxg4 g5 25. Bg3 Ra8 26. Re7 Rf8 27. f4 h6 28. Kf2 Rf7 29. Re8+ Kg7 30. f5 Ra7 31. Ne6+ Kf7 32. Rc8 Ra2+ 33. Ke1 Bxe6 34. Rc7+ Bd7 35. Rxd7+ Ke8 36. Rh7 Rxg2 37. Bb8 Rxg4 38. Rxh6 Kf7 39. Rh7+ Kg8 40. Rc7 Ne3 41. Rxc6 Kf7 42. Rc7+ Ke8 43. Rc6 Ke7 44. Re6+ Kf7 45. Rxe3 b4 46. cxb4 Rxd4 47. Rb3 Ke8 48. b5 Kd7 49. b6 Kc8 50. Bg3 Kb7 51. Rb5 1-0

[Event "11th LCC Super Blitz KO 2019"]
[Site "London"]
[Date "2019.12.08"]
[Round "1.2"]
[White "Praggnanandhaa R"]
[Black "Turner, Matthew J"]
[Result "1/2-1/2"]
[ECO "C54"]
[WhiteElo "2586"]
[BlackElo "2519"]
[Annotator "ChessBase"]
[PlyCount "100"]
[EventDate "2019.12.08"]
[EventType "k.o."]
[EventCountry "ENG"]
[SourceTitle "playchess.com"]
[Source "ChessBase"]
[SourceQuality "1"]
[TimeControl "180+2"]

1. e4 e5 2. Nf3 Nc6 3. Bc4 Bc5 4. d3 Nf6 5. O-O d6 6. c3 Bb6 7. Bb3 h6 8. Nbd2 O-O 9. Nc4 Be6 10. a4 Bxc4 11. Bxc4 a6 12. Be3 Ba7 13. b4 Bxe3 14. fxe3 d5 15. exd5 Nxd5 16. Qd2 Nb6 17. Bb3 e4 18. dxe4 Qxd2 19. Nxd2 Rad8 20. Nf3 Rd3 21. b5 Na5 22. Ne5 Nxb3 23. Nxd3 Nxa1 24. Rxa1 axb5 25. axb5 Re8 26. e5 Rd8 27. Nf4 Nc4 28. e6 fxe6 29. Nxe6 Rd2 30. Re1 c6 31. bxc6 bxc6 32. Nd4 c5 33. Nb3 Rd3 34. Nxc5 Rxc3 35. e4 Ne5 36. Ne6 Rc2 37. Nd4 Ra2 38. Re2 Ra4 39. Nf3 Nd3 40. g3 Kf7 41. Kg2 Ke6 42. Rd2 Ne5 43. Nd4+ Kf6 44. h3 h5 45. Rf2+ Kg6 46. Ne6 Rxe4 47. Nf4+ Kh6 48. Ra2 Rb4 49. Re2 Rb5 50. Rd2 g6 1/2-1/2

[Event "11th LCC Super Blitz KO 2019"]
[Site "London"]
[Date "2019.12.08"]
[Round "1.2"]
[White "Petrov, Martin"]
[Black "Speelman, Jon S"]
[Result "1-0"]
[ECO "B12"]
[WhiteElo "2497"]
[BlackElo "2509"]
[Annotator "ChessBase"]
[PlyCount "113"]
[EventDate "2019.12.08"]
[EventType "k.o."]
[EventCountry "ENG"]
[SourceTitle "playchess.com"]
[Source "ChessBase"]
[SourceQuality "1"]
[TimeControl "180+2"]

1. e4 c6 2. d4 d5 3. e5 Bf5 4. Nf3 e6 5. Be2 Nd7 6. O-O Ne7 7. a4 h6 8. a5 a6 9. b4 g5 10. Nc3 Bg7 11. Na4 Qc7 12. Ne1 O-O 13. f4 gxf4 14. Bxf4 Ng6 15. Bg3 Qd8 16. Ra3 f6 17. exf6 Nxf6 18. Nc5 Qe7 19. Bd3 Ne4 20. Nf3 Nxc5 21. bxc5 Rf7 22. Bd6 Qd7 23. Bxf5 Rxf5 24. Re3 Re8 25. Rfe1 Qf7 26. c3 Bf8 27. Bxf8 Kxf8 28. Ne5 Nxe5 29. Rxe5 Rxe5 30. Rxe5 Ke7 31. Re3 Rf8 32. Qe2 Kd7 33. h3 Qg6 34. Kh2 Rf6 35. Rg3 Qf5 36. Qb2 Kc8 37. Qe2 Qf4 38. Qd3 Rf5 39. Qe3 Qxe3 40. Rxe3 Kd7 41. Kg1 Ke7 42. g4 Rf4 43. Kg2 Rf7 44. Re2 Rg7 45. Re5 Rg6 46. Kg3 Rf6 47. Re1 Kf7 48. Rb1 Kg6 49. Rxb7 Rf1 50. Rb6 Rc1 51. Kh4 Rxc3 52. Rxc6 Kf6 53. Rxa6 Rc4 54. Ra8 Rxd4 55. a6 Ra4 56. a7 Kg7 57. c6 1-0

[Event "11th LCC Super Blitz KO 2019"]
[Site "London"]
[Date "2019.12.08"]
[Round "1.2"]
[White "Arkell, Keith C"]
[Black "Grover, Sahaj"]
[Result "0-1"]
[ECO "D38"]
[WhiteElo "2453"]
[BlackElo "2508"]
[Annotator "ChessBase"]
[PlyCount "76"]
[EventDate "2019.12.08"]
[EventType "k.o."]
[EventCountry "ENG"]
[SourceTitle "playchess.com"]
[Source "ChessBase"]
[SourceQuality "1"]
[TimeControl "180+2"]

1. d4 d5 2. Nf3 Nf6 3. c4 e6 4. cxd5 exd5 5. Nc3 Bb4 6. Qa4+ Nc6 7. Bg5 h6 8. Bxf6 Qxf6 9. e3 O-O 10. Be2 Be6 11. a3 Bxc3+ 12. bxc3 Ne7 13. c4 c5 14. O-O Rfc8 15. Rfc1 b6 16. cxd5 Nxd5 17. Ba6 Rc7 18. Qd1 Bg4 19. dxc5 Bxf3 20. Qxf3 Qxf3 21. gxf3 bxc5 22. Rc2 Rb8 23. Rac1 Rb6 24. Bc4 Nf6 25. Be2 Nd7 26. f4 Kf8 27. Bg4 Rg6 28. f3 f5 29. h3 h5 30. e4 fxg4 31. f5 Ra6 32. hxg4 hxg4 33. fxg4 Rxa3 34. Kf2 Ne5 35. Kg2 c4 36. g5 Re3 37. Rh1 Rxe4 38. g6 Ke7 0-1

[Event "11th LCC Super Blitz KO 2019"]
[Site "London"]
[Date "2019.12.08"]
[Round "1.2"]
[White "Kvetny, Mark"]
[Black "Gormally, Daniel W"]
[Result "0-1"]
[ECO "A29"]
[WhiteElo "2420"]
[BlackElo "2497"]
[Annotator "ChessBase"]
[PlyCount "82"]
[EventDate "2019.12.08"]
[EventType "k.o."]
[EventCountry "ENG"]
[SourceTitle "playchess.com"]
[Source "ChessBase"]
[SourceQuality "1"]
[TimeControl "180+2"]

1. c4 e5 2. Nc3 Nf6 3. Nf3 Nc6 4. d3 Bc5 5. g3 O-O 6. Bg2 d6 7. O-O a6 8. Bg5 h6 9. Bxf6 Qxf6 10. a3 Ba7 11. b4 Bg4 12. Nd2 Bd4 13. Nd5 Qd8 14. Rb1 Rb8 15. h3 Bh5 16. Nf3 Ba7 17. g4 Bg6 18. e3 f5 19. gxf5 Bxf5 20. b5 axb5 21. cxb5 Ne7 22. Nh4 Bh7 23. Qg4 Kh8 24. Nxe7 Qxe7 25. Be4 g5 26. Ng6+ Bxg6 27. Bxg6 d5 28. Rbc1 Qf6 29. Qh5 Qg7 30. e4 Rf4 31. Bf5 Bb6 32. Kg2 Rf8 33. Rc2 Bd4 34. Rxc7 Qxc7 35. Qxh6+ Kg8 36. Be6+ R8f7 37. Qg6+ Kf8 38. b6 Qc2 39. Qh6+ Ke7 40. Bxf7 Rxf2+ 41. Kg3 Rg2+ 0-1

[Event "11th LCC Super Blitz KO 2019"]
[Site "London"]
[Date "2019.12.08"]
[Round "1.2"]
[White "Harvey, Marcus R"]
[Black "Flear, Glenn C"]
[Result "1/2-1/2"]
[ECO "A12"]
[WhiteElo "2412"]
[BlackElo "2440"]
[Annotator "NA"]
[PlyCount "103"]
[EventDate "2019.12.08"]
[EventType "k.o."]
[EventCountry "ENG"]
[SourceTitle "playchess.com"]
[Source "ChessBase"]
[SourceQuality "1"]
[TimeControl "180+2"]

1. Nf3 d5 2. b3 Nf6 3. Bb2 Bg4 4. e3 Nbd7 5. h3 Bh5 6. Be2 e6 7. O-O Bd6 8. c4 c6 9. Nc3 O-O 10. d4 a6 11. Nd2 Bxe2 12. Qxe2 Re8 13. e4 e5 14. dxe5 Bxe5 15. cxd5 cxd5 16. Qf3 dxe4 17. Qe2 Nc5 18. Nc4 Bc7 19. Rad1 Qe7 20. Nd5 Nxd5 21. Rxd5 Nd3 22. Ba1 Rad8 23. Qg4 f6 24. Rxd8 Rxd8 25. Ne3 Ne5 26. Qxe4 Bb8 27. Nf5 Qd7 28. g3 g6 29. Nh6+ Kg7 30. Ng4 Nxg4 31. hxg4 Re8 32. Qf3 Be5 33. Rd1 Qc7 34. Bxe5 Rxe5 35. Kg2 Re7 36. Rd5 Qc6 37. Rd3 Qxf3+ 38. Kxf3 Kf7 39. Rd6 Re6 40. Rd7+ Re7 41. Rd6 Re6 42. Rd7+ Re7 43. Rxe7+ Kxe7 44. Ke4 Ke6 45. Kd4 Kd6 46. b4 b6 47. a4 Kc6 48. f3 Kd6 49. f4 h6 50. b5 axb5 51. axb5 Ke6 52. Ke4 {[%emt 0:00:07] Ke5+} 1/2-1/2

[Event "11th LCC Super Blitz KO 2019"]
[Site "London"]
[Date "2019.12.08"]
[Round "1.2"]
[White "Beinoras, Mindaugas"]
[Black "Pert, Nicholas"]
[Result "0-1"]
[ECO "A45"]
[WhiteElo "2350"]
[BlackElo "2560"]
[Annotator "ChessBase"]
[PlyCount "110"]
[EventDate "2019.12.08"]
[EventType "k.o."]
[EventCountry "ENG"]
[SourceTitle "playchess.com"]
[Source "ChessBase"]
[SourceQuality "1"]
[TimeControl "180+2"]

1. d4 Nf6 2. Bg5 Ne4 3. Bh4 g5 4. f3 gxh4 5. fxe4 d5 6. exd5 Qxd5 7. e3 Bh6 8. Nc3 Qg5 9. Qd3 Nc6 10. Nf3 Qa5 11. a3 Bg4 12. Kf2 h3 13. Qb5 hxg2 14. Bxg2 Qxb5 15. Nxb5 O-O-O 16. Rhe1 Rhg8 17. c4 e6 18. Nc3 f5 19. d5 Na5 20. Ne5 Bg7 21. Nxg4 fxg4 22. Bf1 Bxc3 23. bxc3 exd5 24. cxd5 Rxd5 25. Rad1 Rf8+ 26. Ke2 Rdf5 27. Rd4 Rf2+ 28. Kd1 Rxf1 29. Rxg4 Rxe1+ 30. Kxe1 Rf7 31. Ke2 Nc6 32. Rg5 b6 33. h4 Kd7 34. h5 Ne7 35. e4 Ke6 36. Ke3 Nc6 37. Rg8 Ne5 38. Re8+ Kd6 39. Rh8 Ng4+ 40. Kd4 c5+ 41. Kc4 Nf6 42. Rd8+ Ke6 43. h6 Nxe4 44. Re8+ Re7 45. Ra8 Nd6+ 46. Kd3 Nf5 47. Kc4 Nxh6 48. Kb5 Nf5 49. a4 Nd6+ 50. Ka6 Ne4 51. c4 Nd6 52. a5 bxa5 53. Kxa5 Nxc4+ 54. Kb5 Nb6 55. Rh8 c4 0-1

[Event "11th LCC Super Blitz KO 2019"]
[Site "London"]
[Date "2019.12.08"]
[Round "1.2"]
[White "Wallace, John Paul"]
[Black "Dong, Bao Nghia"]
[Result "0-1"]
[ECO "A57"]
[WhiteElo "2344"]
[BlackElo "2217"]
[Annotator "NA"]
[PlyCount "58"]
[EventDate "2019.12.08"]
[EventType "k.o."]
[EventCountry "ENG"]
[SourceTitle "playchess.com"]
[Source "ChessBase"]
[SourceQuality "1"]
[TimeControl "180+2"]

1. d4 Nf6 2. c4 c5 3. d5 b5 4. Qc2 bxc4 5. e4 d6 6. Bxc4 g6 7. Nc3 Bg7 8. Nf3 O-O 9. O-O Ba6 10. Nd2 Nfd7 11. Re1 Nb6 12. Bxa6 Nxa6 13. a3 Nc7 14. Rb1 f5 15. Nf3 e6 16. dxe6 Nxe6 17. exf5 Nd4 18. Nxd4 cxd4 19. Ne4 Rxf5 20. Bd2 Rc8 21. Qd3 Nc4 22. Ng3 Rf7 23. Bc1 Ne5 24. Qb3 Qh4 25. Re4 Qf6 26. Rf4 Rxc1+ 27. Rxc1 Qxf4 28. Rc8+ Bf8 29. Qc2 d3 0-1

[Event "11th LCC Super Blitz KO 2019"]
[Site "London"]
[Date "2019.12.08"]
[Round "1.2"]
[White "Bukojemski, Adam"]
[Black "McPhillips, Joseph"]
[Result "1/2-1/2"]
[ECO "A07"]
[WhiteElo "2219"]
[BlackElo "2434"]
[Annotator "NA RC"]
[PlyCount "72"]
[EventDate "2019.12.08"]
[EventType "k.o."]
[EventCountry "ENG"]
[SourceTitle "playchess.com"]
[Source "ChessBase"]
[SourceQuality "1"]
[TimeControl "180+2"]

1. Nf3 Nf6 2. Nc3 e6 3. g3 d5 4. d3 Be7 5. Bg2 O-O 6. O-O c5 7. e4 Nc6 8. e5 Nd7 9. Bf4 g5 10. Bd2 Ndxe5 11. Nxe5 Nxe5 12. Qh5 Ng6 13. Rae1 f5 14. f4 gxf4 15. Ne2 fxg3 16. hxg3 Bf6 17. c3 Bd7 18. Bh6 Bg7 19. Bxg7 Kxg7 20. Kf2 h6 21. Nf4 Qg5 22. Qxg5 hxg5 23. Nxe6+ Bxe6 24. Rxe6 Rad8 25. Rfe1 Rf6 26. Re8 Rfd6 27. R1e2 Kf7 28. Rxd8 Rxd8 29. Bf3 b6 30. d4 cxd4 31. cxd4 f4 32. Rc2 fxg3+ 33. Kxg3 Rd7 34. Kg4 Nf4 35. Kxg5 Ne6+ 36. Kg4 Nxd4 1/2-1/2

[Event "11th LCC Super Blitz KO 2019"]
[Site "London"]
[Date "2019.12.08"]
[Round "1.2"]
[White "Mitra, Roman C"]
[Black "Vocaturo, Daniele"]
[Result "0-1"]
[ECO "A05"]
[WhiteElo "2132"]
[BlackElo "2627"]
[Annotator "ChessBase"]
[PlyCount "86"]
[EventDate "2019.12.08"]
[EventType "k.o."]
[EventCountry "ENG"]
[SourceTitle "playchess.com"]
[Source "ChessBase"]
[SourceQuality "1"]
[TimeControl "180+2"]

1. g3 Nf6 2. Bg2 d5 3. Nf3 g6 4. b3 Bg7 5. Bb2 O-O 6. c4 Nc6 7. cxd5 Nxd5 8. Bxg7 Kxg7 9. O-O e5 10. d3 Bg4 11. h3 Be6 12. Qc2 Qd7 13. Qb2 f6 14. Kh2 a5 15. a3 Nde7 16. Nbd2 Nf5 17. Ne4 b6 18. b4 Ncd4 19. Rfd1 Bd5 20. e3 Nxf3+ 21. Bxf3 h5 22. h4 Rf7 23. Qc3 Kh7 24. Rdc1 Ng7 25. Rc2 Ne6 26. Rac1 axb4 27. axb4 Rd8 28. Rd2 Ba8 29. Rcd1 Kh6 30. Qc1 Kg7 31. Qc3 Kg8 32. Bg2 f5 33. Ng5 Nxg5 34. Bxa8 Rxa8 35. hxg5 Re8 36. f4 exf4 37. exf4 h4 38. Qc4 b5 39. Qb3 hxg3+ 40. Kxg3 Re3+ 41. Kg2 Qc6+ 42. Kg1 Rg3+ 43. Kh2 Qf3 0-1

[Event "11th LCC Super Blitz KO 2019"]
[Site "London"]
[Date "2019.12.08"]
[Round "1.2"]
[White "Tanmay Chopra"]
[Black "Gharamian, Tigran"]
[Result "0-1"]
[ECO "E34"]
[WhiteElo "2100"]
[BlackElo "2603"]
[Annotator "ChessBase"]
[PlyCount "81"]
[EventDate "2019.12.08"]
[EventType "k.o."]
[EventCountry "ENG"]
[SourceTitle "playchess.com"]
[Source "ChessBase"]
[SourceQuality "1"]
[TimeControl "180+2"]

1. d4 Nf6 2. c4 e6 3. Nc3 Bb4 4. Qc2 d5 5. cxd5 Qxd5 6. Nf3 Qf5 7. Qxf5 exf5 8. Bf4 c6 9. a3 Be7 10. h3 Be6 11. e3 Nbd7 12. Bd3 h6 13. b4 O-O 14. Ne5 Nxe5 15. Bxe5 Nd7 16. Bf4 Nb6 17. O-O Rfc8 18. Rfc1 f6 19. h4 g5 20. Bg3 Kf7 21. f3 Rd8 22. Ne2 Nd5 23. Bf2 a6 24. e4 fxe4 25. fxe4 Nc7 26. Be3 Nb5 27. hxg5 hxg5 28. Rf1 Kg7 29. a4 Nd6 30. Rab1 Nc4 31. Bc1 b5 32. axb5 axb5 33. d5 cxd5 34. Nd4 Bf7 35. exd5 Bxd5 36. Nxb5 Ne5 37. Be2 Be4 38. Rb2 Rab8 39. Be3 Bd3 40. Nc3 Nc4 41. Bxd3 0-1

[Event "11th LCC Super Blitz KO 2019"]
[Site "London"]
[Date "2019.12.08"]
[Round "1.3"]
[White "McShane, Luke J"]
[Black "Clarke, Brandon G I"]
[Result "1-0"]
[ECO "B55"]
[WhiteElo "2677"]
[BlackElo "2437"]
[Annotator "ChessBase"]
[PlyCount "91"]
[EventDate "2019.12.08"]
[EventType "k.o."]
[EventCountry "ENG"]
[SourceTitle "playchess.com"]
[Source "ChessBase"]
[SourceQuality "1"]
[TimeControl "180+2"]

1. e4 c5 2. Nf3 d6 3. d4 cxd4 4. Nxd4 Nf6 5. f3 e5 6. Nb3 a5 7. c4 a4 8. N3d2 Be6 9. Nc3 Qa5 10. Rb1 Be7 11. Be2 Nc6 12. O-O Nd4 13. Bd3 O-O 14. Kh1 Nh5 15. g3 g6 16. Rf2 Qa7 17. Nf1 f5 18. exf5 gxf5 19. Be3 Bd8 20. Nb5 Qc5 21. Nxd4 exd4 22. Bh6 Re8 23. Nd2 Bf6 24. Qf1 Kh8 25. Re1 Bd7 26. Rfe2 Rxe2 27. Rxe2 Be5 28. Qh3 Ng7 29. Bg5 Rf8 30. f4 Bf6 31. Bxf6 Rxf6 32. Qh4 Rf8 33. Qe7 Bc6+ 34. Kg1 Re8 35. Qf7 Rg8 36. Rf2 Qb4 37. Qf6 Qxb2 38. Qxd6 Qc1+ 39. Bf1 Qc3 40. Qf6 Qe3 41. c5 Re8 42. Nc4 Qe4 43. Rg2 d3 44. Nd6 Qe3+ 45. Rf2 Ra8 46. Qxg7+ 1-0

[Event "11th LCC Super Blitz KO 2019"]
[Site "London"]
[Date "2019.12.08"]
[Round "1.3"]
[White "Vocaturo, Daniele"]
[Black "Mitra, Roman C"]
[Result "1/2-1/2"]
[ECO "B15"]
[WhiteElo "2627"]
[BlackElo "2132"]
[Annotator "ChessBase"]
[PlyCount "113"]
[EventDate "2019.12.08"]
[EventType "k.o."]
[EventCountry "ENG"]
[SourceTitle "playchess.com"]
[Source "ChessBase"]
[SourceQuality "1"]
[TimeControl "180+2"]

1. e4 c6 2. d4 g6 3. Nf3 d5 4. Nc3 Bg4 5. h3 Bxf3 6. Qxf3 dxe4 7. Qxe4 Nf6 8. Qd3 Bg7 9. Be2 O-O 10. O-O Nbd7 11. Bf4 Nb6 12. Rad1 Nbd5 13. Nxd5 cxd5 14. Qb3 Qd7 15. Rfe1 a6 16. a4 Rfc8 17. c3 e6 18. h4 h5 19. Bd3 Ne8 20. Re2 Nd6 21. Rde1 Nc4 22. Qc2 b5 23. axb5 axb5 24. Bg5 Nd6 25. Bxg6 fxg6 26. Qxg6 Qf7 27. Rxe6 Nf5 28. f3 Qxg6 29. Rxg6 Kf7 30. Rb6 Rab8 31. Rxb8 Rxb8 32. g4 hxg4 33. fxg4 Nh6 34. Bf4 Ra8 35. g5 Nf5 36. h5 b4 37. g6+ Kf8 38. Re6 bxc3 39. bxc3 Rc8 40. Bd2 Re8 41. Rc6 Re2 42. Bg5 Ke8 43. Rc7 Re4 44. Kf2 Rg4 45. Bd2 Rh4 46. Rf7 Rxh5 47. Kf3 Rh3+ 48. Kg4 Rd3 49. Bf4 Nh6+ 50. Bxh6 Bxh6 51. Rh7 Bf8 52. g7 Bxg7 53. Rxg7 Rxc3 54. Kf5 Re3 55. Ra7 Re4 56. Ra4 Ke7 57. Ra5 1/2-1/2

[Event "11th LCC Super Blitz KO 2019"]
[Site "London"]
[Date "2019.12.08"]
[Round "1.3"]
[White "Turner, Matthew J"]
[Black "Praggnanandhaa R"]
[Result "1-0"]
[ECO "A49"]
[WhiteElo "2519"]
[BlackElo "2586"]
[Annotator "ChessBase"]
[PlyCount "95"]
[EventDate "2019.12.08"]
[EventType "k.o."]
[EventCountry "ENG"]
[SourceTitle "playchess.com"]
[Source "ChessBase"]
[SourceQuality "1"]
[TimeControl "180+2"]

1. d4 Nf6 2. Nf3 b6 3. g3 Bb7 4. Bg2 c5 5. c3 g6 6. O-O Bg7 7. a4 O-O 8. a5 d6 9. Na3 Nbd7 10. Re1 Bc6 11. Bf4 b5 12. dxc5 Nxc5 13. Nc2 a6 14. Be3 Qc7 15. Nb4 Bb7 16. Nd4 Bxg2 17. Kxg2 Qb7+ 18. f3 Nd5 19. Nxd5 Qxd5 20. Bf2 Qb7 21. e4 b4 22. c4 b3 23. Rc1 Qb4 24. Nc6 Qb7 25. Nd4 Qb4 26. e5 dxe5 27. Nc6 Qb7 28. Qd5 Rac8 29. Nxe5 Qxd5 30. cxd5 Bxe5 31. Rxe5 Nd3 32. Rxc8 Rxc8 33. Rxe7 Nxb2 34. d6 Kf8 35. Rc7 Rd8 36. Bc5 Nd3 37. Ba3 b2 38. Rb7 Kg7 39. Kf1 Kf6 40. Ke2 Ne5 41. Bxb2 Kf5 42. g4+ Kf4 43. Rb4+ Kg5 44. Bxe5 Re8 45. f4+ Kxg4 46. d7 Rd8 47. Rd4 Kf5 48. Bc7 1-0

[Event "11th LCC Super Blitz KO 2019"]
[Site "London"]
[Date "2019.12.08"]
[Round "1.3"]
[White "Petrov, Martin"]
[Black "Speelman, Jon S"]
[Result "0-1"]
[ECO "C07"]
[WhiteElo "2497"]
[BlackElo "2509"]
[Annotator "ChessBase"]
[PlyCount "84"]
[EventDate "2019.12.08"]
[EventType "k.o."]
[EventCountry "ENG"]
[SourceTitle "playchess.com"]
[Source "ChessBase"]
[SourceQuality "1"]
[TimeControl "180+2"]

1. e4 e6 2. d4 d5 3. Nd2 c5 4. exd5 Qxd5 5. Ngf3 cxd4 6. Bc4 Qd7 7. O-O Nc6 8. Nb3 Nf6 9. Qe2 a6 10. a4 Be7 11. Rd1 O-O 12. Nbxd4 Nxd4 13. Rxd4 Qe8 14. Ne5 Nd7 15. Bf4 Bf6 16. Rad1 Nxe5 17. Bxe5 Bxe5 18. Qxe5 Qe7 19. Be2 b6 20. Bf3 Ra7 21. Rd6 b5 22. a5 Rc7 23. c3 f6 24. Qe3 e5 25. g3 h6 26. Qb6 e4 27. Bxe4 Qxe4 28. Qxc7 Bb7 29. Kf1 Re8 30. Qxb7 Qxb7 31. R6d5 Re5 32. Rd8+ Kh7 33. Kg1 Qf3 34. R8d2 Re2 35. Rxe2 Qxe2 36. Rd6 Qxb2 37. Rxa6 Qxc3 38. Ra7 b4 39. Rb7 b3 40. a6 b2 41. Kg2 Qc2 42. a7 Qe4+ 0-1

[Event "11th LCC Super Blitz KO 2019"]
[Site "London"]
[Date "2019.12.08"]
[Round "1.3"]
[White "Harvey, Marcus R"]
[Black "Flear, Glenn C"]
[Result "1-0"]
[ECO "D52"]
[WhiteElo "2412"]
[BlackElo "2440"]
[Annotator "NA"]
[PlyCount "77"]
[EventDate "2019.12.08"]
[EventType "k.o."]
[EventCountry "ENG"]
[SourceTitle "playchess.com"]
[Source "ChessBase"]
[SourceQuality "1"]
[TimeControl "180+2"]

1. d4 d5 2. c4 e6 3. Nf3 Nf6 4. Bg5 Nbd7 5. e3 c6 6. Nc3 Qa5 7. Nd2 Bb4 8. Qc2 O-O 9. a3 Bxc3 10. Qxc3 Qxc3 11. bxc3 b6 12. a4 Bb7 13. a5 c5 14. Bf4 bxa5 15. Rxa5 Rfc8 16. f3 dxc4 17. Bxc4 cxd4 18. cxd4 Nd5 19. Bxd5 Bxd5 20. O-O f5 21. e4 fxe4 22. fxe4 Bc4 23. Rc1 Bd3 24. Rxc8+ Rxc8 25. Rxa7 Nf6 26. Be5 Rc1+ 27. Kf2 Ng4+ 28. Kg3 Nxe5 29. dxe5 Re1 30. Nf3 Rb1 31. Ng5 g6 32. Ra8+ Kg7 33. Nxe6+ Kh6 34. Nc5 Bc4 35. e6 Rc1 36. e7 Bf7 37. Rf8 Rc3+ 38. Kf4 Rxc5 39. Rxf7 1-0

[Event "11th LCC Super Blitz KO 2019"]
[Site "London"]
[Date "2019.12.08"]
[Round "1.3"]
[White "Rendle, Thomas E"]
[Black "Zapolskis, Antanas"]
[Result "1-0"]
[ECO "B23"]
[WhiteElo "2361"]
[BlackElo "2280"]
[Annotator "NA"]
[PlyCount "57"]
[EventDate "2019.12.08"]
[EventType "k.o."]
[EventCountry "ENG"]
[SourceTitle "playchess.com"]
[Source "ChessBase"]
[SourceQuality "1"]
[TimeControl "180+2"]

1. e4 c5 2. Nc3 Nc6 3. Bb5 Na5 4. f4 a6 5. Be2 d6 6. Nf3 Nf6 7. O-O b5 8. d3 b4 9. Nb1 Nc6 10. Nbd2 e6 11. Qe1 Be7 12. e5 Ng4 13. Nc4 d5 14. Ne3 Nxe3 15. Bxe3 d4 16. Bf2 O-O 17. Nd2 Bb7 18. Bf3 Qd7 19. Nc4 Rae8 20. Qe2 f6 21. Rae1 fxe5 22. fxe5 Kh8 23. Bg3 Bg5 24. Be4 Be3+ 25. Nxe3 dxe3 26. Qxe3 Nd4 27. c3 Nc2 28. Qxc5 Nxe1 29. Rxf8+ 1-0

[Event "11th LCC Super Blitz KO 2019"]
[Site "London"]
[Date "2019.12.08"]
[Round "1.3"]
[White "Beinoras, Mindaugas"]
[Black "Pert, Nicholas"]
[Result "1-0"]
[ECO "D17"]
[WhiteElo "2350"]
[BlackElo "2560"]
[Annotator "ChessBase"]
[PlyCount "100"]
[EventDate "2019.12.08"]
[EventType "k.o."]
[EventCountry "ENG"]
[SourceTitle "playchess.com"]
[Source "ChessBase"]
[SourceQuality "1"]
[TimeControl "180+2"]

1. d4 d5 2. c4 c6 3. Nc3 Nf6 4. Nf3 dxc4 5. a4 Bf5 6. Nh4 Bg4 7. h3 Bh5 8. g4 Bg6 9. e3 Bd3 10. Bxd3 cxd3 11. Qxd3 e6 12. Nf3 Nbd7 13. e4 Be7 14. a5 a6 15. Qc4 O-O 16. Bf4 Rc8 17. O-O Ne8 18. Qb3 Nd6 19. Bxd6 Bxd6 20. Qxb7 e5 21. Rfd1 Rc7 22. Qxa6 Qf6 23. Kg2 exd4 24. Nxd4 Qf4 25. Qd3 Qh2+ 26. Kf1 Nc5 27. Qf3 Re8 28. Nf5 Be5 29. a6 Ra7 30. Na4 Ne6 31. Nb6 Ng5 32. Qg2 Qf4 33. Ng3 Nf3 34. Rd3 Nd2+ 35. Kg1 Bxb2 36. Rd1 Qc7 37. R3xd2 Qxb6 38. Rb1 Qxa6 39. Rdxb2 g6 40. Qf3 Rae7 41. Rc2 Qc8 42. Rbc1 Re6 43. h4 Qd7 44. h5 Rd8 45. Qf4 Qe8 46. h6 f6 47. Qf3 Rdd6 48. Qb3 Kh8 49. Qb7 Qf8 50. Ra2 Rd8 1-0